 Dungeon Crawl Stone Soup version 0.25.1-3-ge44b62a0b3 (webtiles) character file.

Game seed: 6899603481940080947

2746 DearestLeader the Carver (level 9, -8/70 HPs)
             Began as a Minotaur Berserker on Nov 22, 2020.
             Was a High Priest of Trog.
             Mangled by an orc warrior
             ... wielding a +0 glaive
              (12 damage)
             ... in a bailey.
             The game lasted 00:12:51 (5085 turns).

DearestLeader the Carver (Minotaur Berserker)       Turns: 5085, Time: 00:12:51

Health: -8/70      AC:  7    Str: 24    XL:     9   Next: 41%
Magic:  8/8        EV: 12    Int: 10    God:    Trog [*****.]
Gold:   400        SH:  0    Dex: 11    Spells: 8/8 levels left

rFire    . . .     SeeInvis .   a - +0 falchion
rCold    . . .     Gourm    .   (no shield)
rNeg     . . .     Faith    .   z - +3 leather armour {rPois}
rPois    +         Spirit   .   (helmet restricted)
rElec    .         Reflect  .   (no cloak)
rCorr    .         Harm     .   (no gloves)
MR       ++...                  (no boots)
Stlth    +.........             m - amulet of regeneration
HPRegen  1.61/turn              y - +6 ring of intelligence
MPRegen  0.11/turn              (no ring)

@: brilliant, berserk cooldown, regenerating, slowed, very slow
A: retaliatory headbutt, horns 2
a: Berserk, Trog's Hand, Brothers in Arms, Renounce Religion


You were in a bailey.
You worshipped Trog.
Trog was extremely pleased with you.
You were near starving.

You visited 1 branch of the dungeon, and saw 7 of its levels.
You also visited: Sewer and Bailey.

You collected 400 gold pieces.

Inventory:

Hand Weapons
 a - a +0 falchion (weapon)
Armour
 b - a +0 animal skin
 i - a +0 ring mail
 w - a +0 scale mail
 z - a +3 leather armour of poison resistance (worn)
 B - a +0 chain mail
 G - a +0 kite shield
Jewellery
 m - an amulet of regeneration (around neck)
 q - an uncursed amulet of faith
 y - a +6 ring of intelligence (left hand)
 H - an uncursed amulet of guardian spirit
Wands
 C - a wand of flame (18)
 E - a wand of acid (7)
Scrolls
 d - 5 scrolls of remove curse
 e - 2 scrolls of enchant armour {unknown}
 f - 4 scrolls of teleportation
 n - a scroll of blinking {unknown}
 r - 2 scrolls of fear {unknown}
 s - 2 scrolls of fog
 v - 2 scrolls of amnesia {unknown}
 x - a scroll of random uselessness {unknown}
Potions
 g - 2 potions of brilliance
 h - 5 potions of lignification
 j - a potion of haste {unknown}
 k - a potion of berserk rage {unknown}
 l - 2 potions of degeneration
 p - a potion of cancellation {unknown}
 t - a potion of mutation {unknown}
 A - a potion of heal wounds
 F - a potion of resistance {unknown}
Comestibles
 c - 16 rations
 o - 11 chunks of flesh


   Skills:
 - Level 3.6 Fighting
 * Level 12.8 Long Blades
 + Level 9.2 Armour
 - Level 2.1 Dodging


You had 8 spell levels left.
You didn't know any spells.
Your spell library was empty.

Dungeon Overview and Level Annotations

Branches:
Dungeon (7/15)             Temple (0/1) D:6           Sewer (visited)
 Bailey (1/1)

Altars:
Dithmenos
Kikubaaqudgha
Qazlal
Zin

Shops:
D:4 :


Innate Abilities, Weirdness & Mutations

You reflexively headbutt those who attack you in melee.
You have a pair of horns on your head.


Message History

You hit the orc warrior but do no damage.
The orc warrior is heavily wounded.
The orc warrior completely misses you.
You hit the orc warrior but do no damage.
The orc warrior is heavily wounded.
The orc warrior hits you with a +0 glaive!
* * * LOW HITPOINT WARNING * * *
You hit the orc warrior. Your headbutt misses the orc warrior.
The orc warrior is severely wounded.
You closely miss the orc warrior. You headbutt the orc warrior!
The orc warrior is almost dead.
The orc warrior hits you with a +0 glaive!
* * * LOW HITPOINT WARNING * * *
You barely miss the orc warrior.
The orc warrior is almost dead.
The orc warrior hits you but does no damage.
You closely miss the orc warrior.
The orc warrior is almost dead.
The orc warrior hits you with a +0 glaive!
You die...

##..≈≈.))).≈≈...
##########..≈≈..###))≈.)#
#..........≈≈..## ##.).##
#.≈≈≈≈≈≈≈≈≈≈..## ######
#.≈.)))......##
#.≈)#############+##
#.≈.##.....##........
#.≈..##...##..≈≈≈≈≈≈≈
#.≈≈..##@#'..§§o....§
##.≈≈..#o#..≈≈oo.⌠.§§
#∩.≈≈..#'#..≈≈o.⌠∩⌠.§
#.≈≈..##.##..≈≈..§.§§
#.≈..##...##..≈≈≈§≈≈≈
#.≈.## ... ##....§...
#.≈.#########'###+#######
#.≈....).....## ... ##...
#.≈≈≈≈≈≈≈≈≈≈..##.∩.##..≈≈


You could see an orc warrior.

Vanquished Creatures
  Pikel (D:7)
  Grinder (D:3)
  Eustachio (D:4)
  Menkaure (D:4)
  An eye of draining (D:6)
  2 ogres (D:6)
  2 phantoms (D:6)
  3 centaurs (D:6)
  A crocodile (Sewer)
  2 bullfrogs (D:6)
  A wyvern skeleton (D:6)
  4 scorpions
  A crimson imp (D:6)
  A bullfrog zombie (D:6)
  2 orc priests
  2 hounds
  An orc wizard (D:5)
  Ijyb (D:5)
  4 worker ants
  3 iguanas
  A killer bee zombie (D:7)
  2 hound zombies
  A hound skeleton (D:6)
  Robin (D:4)
  A howler monkey zombie (D:6)
  A howler monkey skeleton (D:7)
  A worker ant zombie (D:5)
  6 adders
  2 oozes
  2 worms
  3 dart slugs
  4 leopard geckos
  30 orcs
  4 giant cockroaches
  15 goblins
  12 hobgoblins
  8 jackals
  4 kobolds
  3 quokkas
  A ball python skeleton (D:4)
  9 bats
  6 frilled lizards
  9 rats
161 creatures vanquished.

Vanquished Creatures (others)
  A slave (D:7)
1 creature vanquished.

Grand Total: 162 creatures vanquished

Notes
Turn   | Place    | Note
-------+----------+-------------------------------------------
     0 | D:1      | DearestLeader the Minotaur Berserker began the quest for
                  | the Orb.
     0 | D:1      | Reached XP level 1. HP: 19/19 MP: 0/0
    60 | D:1      | Reached skill level 4 in Long Blades
    82 | D:1      | Reached XP level 2. HP: 26/26 MP: 1/1
   559 | D:1      | Reached ** piety under Trog
   633 | D:1      | Reached XP level 3. HP: 31/31 MP: 2/2
   646 | D:1      | Reached skill level 5 in Long Blades
  1317 | D:2      | Found a faded altar of an unknown god.
  1425 | D:2      | Reached XP level 4. HP: 38/39 MP: 3/3
  1889 | D:3      | Found an ancient bone altar of Kikubaaqudgha.
  1889 | D:3      | Noticed Grinder
  1900 | D:3      | Killed Grinder
  1900 | D:3      | Reached skill level 7 in Long Blades
  1900 | D:3      | Reached XP level 5. HP: 45/45 MP: 4/4
  1900 | D:3      | Reached XP level 6. HP: 51/51 MP: 5/5
  1960 | D:3      | Reached *** piety under Trog
  2383 | D:4      | Found Raiv's Book Boutique.
  2391 | D:4      | Noticed Menkaure
  2397 | D:4      | Killed Menkaure
  2397 | D:4      | Reached skill level 8 in Long Blades
  2397 | D:4      | Reached skill level 5 in Armour
  2399 | D:4      | Noticed Robin
  2422 | D:4      | Killed Robin
  2493 | D:4      | Found a glowing drain.
  2498 | Sewer    | Entered a sewer
  2538 | Sewer    | Reached XP level 7. HP: 30/57 MP: 6/6
  2839 | D:4      | Reached skill level 9 in Long Blades
  2925 | D:4      | Noticed Eustachio
  2947 | D:4      | Killed Eustachio
  2947 | D:4      | Reached **** piety under Trog
  3424 | D:5      | Entered Level 5 of the Dungeon
  3552 | D:5      | Noticed Ijyb
  3564 | D:5      | Killed Ijyb
  3799 | D:5      | Reached XP level 8. HP: 64/64 MP: 7/7
  3806 | D:5      | Reached skill level 10 in Long Blades
  4042 | D:5      | Found a shadowy altar of Dithmenos.
  4182 | D:6      | Found a staircase to the Ecumenical Temple.
  4239 | D:6      | Found a stormy altar of Qazlal.
  4317 | D:6      | Reached skill level 11 in Long Blades
  4533 | D:6      | Reached XP level 9. HP: 70/70 MP: 8/8
  4537 | D:6      | Found a glowing silver altar of Zin.
  4588 | D:6      | Reached skill level 12 in Long Blades
  4749 | D:7      | Noticed Pikel
  4767 | D:7      | Killed Pikel
  4791 | D:7      | Reached ***** piety under Trog
  4820 | D:7      | Found a flagged portal.
  4834 | Bailey   | Entered a bailey
  5056 | Bailey   | Noticed an orc knight
  5083 | Bailey   | HP: 1/70 [orc warrior/+0 glaive (9)]
  5085 | Bailey   | Mangled by an orc warrior

Illustrated notes

Levels and vault maps discovered:
D:1:      nzn_arrival_settlement, layout_basic, chequers_serial_rivers_micro_c
D:2:      layout_loops_corners, chequers_ecumenical_altar_simple_redux
D:3:      layout_loops_ring, kiku_gazebo_garden_becter, uniq_grinder
D:4:      layout_rooms, portal_sewer_entry_e, first_ration, serial_shops, shop,
          minmay_misc_feat_diagonals, uniq_menkaure, uniq_robin, uniq_eustachio
D:5:      layout_basic, overflow_temple_1_default, kennysheep_nub, uniq_ijyb
D:6:      layout_cave_pools, lemuel_crystal_altar,
          minmay_temple_entry_stoned_glass, grunt_ministairs_2,
          nicolae_qazlal_general_emergency
D:7:      layout_basic, cheibriados_altar_1, cheibrodos_ashenzari_chains,
          lemuel_coloured_pillars_altar, serial_shops, shop, enter_bailey_3,
          uniq_pikel
Bailey:   bailey_polearm_1, bailey

Skill      XL: |  1  2  3  4  5  6  7  8  9 |
---------------+----------------------------+-----
Long Blades    | 4 5 7 8 9 11 12 | 12.8
Armour         | 3 4 5 6 8 9 |  9.2
Fighting       | |  3.6
Dodging        | |  2.1

Action                   |  1- 3 |  4- 6 |  7- 9 || total
-------------------------+-------+-------+-------++-------
Melee: Falchion          |    73 |    95 |   279 ||   447
       Headbutt          |    13 |    23 |    64 ||   100
Invok: Berserk           |       |     2 |     7 ||     9
       Trog's Hand       |       |     2 |     2 ||     4
  Use: Scroll            |       |     6 |     3 ||     9
       Potion            |       |       |     2 ||     2
  Eat: Chunk             |     2 |     5 |    11 ||    18
       Ration            |       |       |     1 ||     1
Armor: Ring mail         |    27 |     9 |       ||    36
       Scale mail        |       |    28 |    21 ||    49
       Leather armour    |       |       |    80 ||    80
Dodge: Dodged            |    47 |    51 |   160 ||   258
       Rpst.: Falchion   |    14 |    14 |    36 ||    64
